Workbook

Sheet 封面
A1: 附件1：
A9: 鹤山市2020年本级一般公共预算 调整表
A21: 编制单位：鹤山市财政局 | I21: 编制日期：2020年 月 日

Sheet 总表
A1: 附件1-1：
A2: 鹤山市2020年本级一般公共预算调整表
J3: 单位：万元
A4: 收入项目 | F4: 支出项目
A5: 科目号 | B5: 科目名称 | C5: 第二次调整预算数 | D5: 第三次调整 | F5: 科目号 | G5: 科目名称 | H5: 第二次调整预算数 | I5: 第三次调整
D6: 调整额 | E6: 调整预算数 | I6: 调整额 | J6: 调整预算数
A7: 一、一般公共预算收入 | C7: =C8+C9 -> 219053 | D7: =D8+D9 -> 0 | E7: =E8+E9 -> 219053 | F7: 一、一般公共预算支出 | H7: =SUM(H8:H30) -> 337534 | I7: =SUM(I8:I30) -> -51912 | J7: =SUM(J8:J30) -> 285622
A8: 101 | B8: 税收收入 | C8: =本级一般公共预算收入!G7 -> 130117 | D8: =E8-C8 -> 0 | E8: =本级一般公共预算收入!I7 -> 130117 | F8: 201 | G8: 一般公共服务支出 | H8: ='本级一般预算支出-功能'!G8 -> 53702 | I8: =J8-H8 -> -11778 | J8: ='本级一般预算支出-功能'!I8 -> 41924
A9: 103 | B9: 非税收入 | C9: =本级一般公共预算收入!G22 -> 88936 | D9: =E9-C9 -> 0 | E9: =本级一般公共预算收入!I22 -> 88936 | F9: 203 | G9: 国防支出 | H9: ='本级一般预算支出-功能'!G292 -> 982 | I9: =J9-H9 -> -100 | J9: ='本级一般预算支出-功能'!I292 -> 882
A10: 二、上级补助收入 | C10: =C11+C12+C13 -> 56760 | D10: =D11+D12+D13 -> 17108 | E10: =E11+E12+E13 -> 73868 | F10: 204 | G10: 公共安全支出 | H10: ='本级一般预算支出-功能'!G311 -> 30398 | I10: =J10-H10 -> -4624 | J10: ='本级一般预算支出-功能'!I311 -> 25774
A11: 11001 | B11: 返还性收入 | C11: =本级一般公共预算收入!G32 -> 25575 | D11: =E11-C11 -> 0 | E11: =本级一般公共预算收入!I32 -> 25575 | F11: 205 | G11: 教育支出 | H11: ='本级一般预算支出-功能'!G402 -> 55612 | I11: =J11-H11 -> -7839 | J11: ='本级一般预算支出-功能'!I402 -> 47773
A12: 11002 | B12: 一般性转移支付收入 | C12: =本级一般公共预算收入!G38 -> 23585 | D12: =E12-C12 -> 9848 | E12: =本级一般公共预算收入!I38 -> 33433 | F12: 206 | G12: 科学技术支出 | H12: ='本级一般预算支出-功能'!G456 -> 6238 | I12: =J12-H12 -> 2065 | J12: ='本级一般预算支出-功能'!I456 -> 8303
A13: 11003 | B13: 专项转移支付收入 | C13: =本级一般公共预算收入!G59 -> 7600 | D13: =E13-C13 -> 7260 | E13: =本级一般公共预算收入!I59 -> 14860 | F13: 207 | G13: 文化旅游体育与传媒支出 | H13: ='本级一般预算支出-功能'!G510 -> 11002 | I13: =J13-H13 -> -915 | J13: ='本级一般预算支出-功能'!I510 -> 10087
A14: 三、债务转贷收入 | C14: =本级一般公共预算收入!G60 -> 17606 | D14: =E14-C14 -> 0 | E14: =本级一般公共预算收入!I60 -> 17606 | F14: 208 | G14: 社会保障和就业支出 | H14: ='本级一般预算支出-功能'!G567 -> 59652 | I14: =J14-H14 -> -3865 | J14: ='本级一般预算支出-功能'!I567 -> 55787
A15: 四、上年结余结转 | C15: =本级一般公共预算收入!G63 -> 14115 | D15: =E15-C15 -> 1961 | E15: =本级一般公共预算收入!I63 -> 16076 | F15: 210 | G15: 卫生健康支出 | H15: ='本级一般预算支出-功能'!G698 -> 22167 | I15: =J15-H15 -> 3926 | J15: ='本级一般预算支出-功能'!I698 -> 26093
A16: 五、调入资金 | C16: =本级一般公共预算收入!G65 -> 118856 | D16: =E16-C16 -> -59256 | E16: =本级一般公共预算收入!I65 -> 59600 | F16: 211 | G16: 节能环保支出 | H16: ='本级一般预算支出-功能'!G772 -> 3794 | I16: =J16-H16 -> 550 | J16: ='本级一般预算支出-功能'!I772 -> 4344
A17: 六、动用预算稳定调节基金 | C17: =本级一般公共预算收入!G69 -> 3587 | D17: =E17-C17 -> 0 | E17: =本级一般公共预算收入!I69 -> 3587 | F17: 212 | G17: 城乡社区支出 | H17: ='本级一般预算支出-功能'!G850 -> 18633 | I17: =J17-H17 -> -2042 | J17: ='本级一般预算支出-功能'!I850 -> 16591
A18: 七、镇上解县 | C18: =本级一般公共预算收入!G71 -> 6420 | D18: =E18-C18 -> 0 | E18: =本级一般公共预算收入!I71 -> 6420 | F18: 213 | G18: 农林水支出 | H18: ='本级一般预算支出-功能'!G873 -> 22223 | I18: =J18-H18 -> -9348 | J18: ='本级一般预算支出-功能'!I873 -> 12875
F19: 214 | G19: 交通运输支出 | H19: ='本级一般预算支出-功能'!G984 -> 11645 | I19: =J19-H19 -> -7824 | J19: ='本级一般预算支出-功能'!I984 -> 3821
F20: 215 | G20: 资源勘探工业信息等支出 | H20: ='本级一般预算支出-功能'!G1048 -> 733 | I20: =J20-H20 -> 3008 | J20: ='本级一般预算支出-功能'!I1048 -> 3741
F21: 216 | G21: 商业服务业等支出 | H21: ='本级一般预算支出-功能'!G1114 -> 2591 | I21: =J21-H21 -> -328 | J21: ='本级一般预算支出-功能'!I1114 -> 2263
F22: 217 | G22: 金融支出 | H22: ='本级一般预算支出-功能'!G1134 -> 0 | I22: =J22-H22 -> 7 | J22: ='本级一般预算支出-功能'!I1134 -> 7
F23: 220 | G23: 自然资源海洋气象等支出 | H23: ='本级一般预算支出-功能'!G1174 -> 3696 | I23: =J23-H23 -> -605 | J23: ='本级一般预算支出-功能'!I1174 -> 3091
F24: 221 | G24: 住房保障支出 | H24: ='本级一般预算支出-功能'!G1219 -> 8351 | I24: =J24-H24 -> -1202 | J24: ='本级一般预算支出-功能'!I1219 -> 7149
F25: 222 | G25: 粮油物资储备支出 | H25: ='本级一般预算支出-功能'!G1241 -> 2158 | I25: =J25-H25 -> -450 | J25: ='本级一般预算支出-功能'!I1241 -> 1708
F26: 224 | G26: 灾害防治及应急管理支出 | H26: ='本级一般预算支出-功能'!G1294 -> 3548 | I26: =J26-H26 -> -309 | J26: ='本级一般预算支出-功能'!I1294 -> 3239
F27: 227 | G27: 预备费 | H27: ='本级一般预算支出-功能'!G1351 -> 4800 | I27: =J27-H27 -> -400 | J27: ='本级一般预算支出-功能'!I1351 -> 4400
F28: 229 | G28: 其他支出 | H28: ='本级一般预算支出-功能'!G1352 -> 9083 | I28: =J28-H28 -> -9046 | J28: ='本级一般预算支出-功能'!I1352 -> 37
F29: 232 | G29: 债务付息支出 | H29: ='本级一般预算支出-功能'!G1356 -> 6500 | I29: =J29-H29 -> -787 | J29: ='本级一般预算支出-功能'!I1356 -> 5713
F30: 233 | G30: 债务发行费用支出 | H30: ='本级一般预算支出-功能'!G1364 -> 26 | I30: =J30-H30 -> -6 | J30: ='本级一般预算支出-功能'!I1364 -> 20
F31: 二、上解上级支出 | H31: ='本级一般预算支出-功能'!G1368 -> 38376 | I31: =J31-H31 -> 246 | J31: ='本级一般预算支出-功能'!I1368 -> 38622
F32: 三、县对镇的补助支出 | H32: ='本级一般预算支出-功能'!G1374 -> 37162 | I32: =J32-H32 -> -3083 | J32: ='本级一般预算支出-功能'!I1374 -> 34079
F33: 四、债务还本支出 | H33: ='本级一般预算支出-功能'!G1377 -> 23325 | I33: =J33-H33 -> 0 | J33: ='本级一般预算支出-功能'!I1377 -> 23325
F34: 五、年终结转 | H34: ='本级一般预算支出-功能'!G1380 -> 0 | I34: =J34-H34 -> 14562 | J34: ='本级一般预算支出-功能'!I1380 -> 14562
F35: 六、安排预算稳定调节基金 | H35: ='本级一般预算支出-功能'!G1382 -> 0 | I35: =J35-H35 -> 0 | J35: ='本级一般预算支出-功能'!I1382 -> 0
A36: 收入合计 | C36: =C7+C10+C14+C15+C16+C17+C18 -> 436397 | D36: =D7+D10+D14+D15+D16+D17 -> -40187 | E36: =E7+E10+E14+E15+E16+E17+E18 -> 396210 | F36: 支出合计 | H36: =H7+H31+H32+H33+H34+H35 -> 436397 | I36: =I7+I31+I32+I33+I34+I35 -> -40187 | J36: =J7+J31+J32+J33+J34+J35 -> 396210

Sheet 本级一般公共预算收入
A1: 附件1-2：
A2: 鹤山市2020年本级一般公共预算收入预算调整表
I3: 单位:万元
A4: 科目号 | B4: 科目名称 | C4: 2020年 预算 | D4: 第一次预算调整 | F4: 第二次预算调整 | H4: 第三次预算调整
D5: 调整金额 | E5: 调整后 预算数 | F5: 调整金额 | G5: 调整后 预算数 | H5: 调整金额 | I5: 调整后 预算数
A6: 一、一般公共预算收入 | C6: =C7+C22 -> 219053 | D6: =E6-C6 -> 0 | E6: =E7+E22 -> 219053 | F6: =G6-E6 -> 0 | G6: =G7+G22 -> 219053 | H6: =I6-G6 -> 0 | I6: =I7+I22 -> 219053
A7: 101 | B7: 税收收入 | C7: =SUBTOTAL(9,C8:C21) -> 130117 | D7: =E7-C7 -> 0 | E7: =SUBTOTAL(9,E8:E21) -> 130117 | F7: =G7-E7 -> 0 | G7: =SUBTOTAL(9,G8:G21) -> 130117 | H7: =I7-G7 -> 0 | I7: =SUBTOTAL(9,I8:I21) -> 130117
A8: 10101 | B8: 增值税 | C8: 35001 | D8: =E8-C8 -> 0 | E8: 35001 | F8: =G8-E8 -> 0 | G8: 35001 | H8: =I8-G8 -> 0 | I8: 35001
A9: 10104 | B9: 企业所得税 | C9: 10042 | D9: =E9-C9 -> 0 | E9: 10042 | F9: =G9-E9 -> 0 | G9: 10042 | H9: =I9-G9 -> 0 | I9: 10042
A10: 10106 | B10: 个人所得税 | C10: 3089 | D10: =E10-C10 -> 0 | E10: 3089 | F10: =G10-E10 -> 0 | G10: 3089 | H10: =I10-G10 -> 0 | I10: 3089
A11: 10107 | B11: 资源税 | C11: 21 | D11: =E11-C11 -> 0 | E11: 21 | F11: =G11-E11 -> 0 | G11: 21 | H11: =I11-G11 -> 0 | I11: 21
A12: 10109 | B12: 城市维护建设税 | C12: 11062 | D12: =E12-C12 -> 0 | E12: 11062 | F12: =G12-E12 -> 0 | G12: 11062 | H12: =I12-G12 -> 0 | I12: 11062
A13: 10110 | B13: 房产税 | C13: 13404 | D13: =E13-C13 -> 0 | E13: 13404 | F13: =G13-E13 -> 0 | G13: 13404 | H13: =I13-G13 -> 0 | I13: 13404
A14: 10111 | B14: 印花税 | C14: 2808 | D14: =E14-C14 -> 0 | E14: 2808 | F14: =G14-E14 -> 0 | G14: 2808 | H14: =I14-G14 -> 0 | I14: 2808
A15: 10112 | B15: 城镇土地使用税 | C15: 9084 | D15: =E15-C15 -> 0 | E15: 9084 | F15: =G15-E15 -> 0 | G15: 9084 | H15: =I15-G15 -> 0 | I15: 9084
A16: 10113 | B16: 土地增值税 | C16: 21015 | D16: =E16-C16 -> 0 | E16: 21015 | F16: =G16-E16 -> 0 | G16: 21015 | H16: =I16-G16 -> 0 | I16: 21015
A17: 10114 | B17: 车船税 | C17: 2534 | D17: =E17-C17 -> 0 | E17: 2534 | F17: =G17-E17 -> 0 | G17: 2534 | H17: =I17-G17 -> 0 | I17: 2534
A18: 10118 | B18: 耕地占用税 | C18: 893 | D18: =E18-C18 -> 0 | E18: 893 | F18: =G18-E18 -> 0 | G18: 893 | H18: =I18-G18 -> 0 | I18: 893
A19: 10119 | B19: 契税 | C19: 21100 | D19: =E19-C19 -> 0 | E19: 21100 | F19: =G19-E19 -> 0 | G19: 21100 | H19: =I19-G19 -> 0 | I19: 21100
A20: 10121 | B20: 环境保护税 | C20: 64 | D20: =E20-C20 -> 0 | E20: 64 | F20: =G20-E20 -> 0 | G20: 64 | H20: =I20-G20 -> 0 | I20: 64
A21: 10199 | B21: 其他税收收入 | D21: =E21-C21 -> 0 | F21: =G21-E21 -> 0 | H21: =I21-G21 -> 0
A22: 103 | B22: 非税收入 | C22: =SUBTOTAL(9,C23:C30) -> 88936 | D22: =E22-C22 -> 0 | E22: =SUBTOTAL(9,E23:E30) -> 88936 | F22: =G22-E22 -> 0 | G22: =SUBTOTAL(9,G23:G30) -> 88936 | H22: =I22-G22 -> 0 | I22: =SUBTOTAL(9,I23:I30) -> 88936
A23: 10302 | B23: 专项收入 | C23: 18792 | D23: =E23-C23 -> 0 | E23: 18792 | F23: =G23-E23 -> 0 | G23: 18792 | H23: =I23-G23 -> 0 | I23: 18792
A24: 10304 | B24: 行政事业性收费收入 | C24: 5270 | D24: =E24-C24 -> 0 | E24: 5270 | F24: =G24-E24 -> 0 | G24: 5270 | H24: =I24-G24 -> 0 | I24: 5270
A25: 10305 | B25: 罚没收入 | C25: 5930 | D25: =E25-C25 -> 0 | E25: 5930 | F25: =G25-E25 -> 0 | G25: 5930 | H25: =I25-G25 -> 0 | I25: 5930
A26: 10306 | B26: 国有资本经营收入 | C26: 29200 | D26: =E26-C26 -> 0 | E26: 29200 | F26: =G26-E26 -> 0 | G26: 29200 | H26: =I26-G26 -> 0 | I26: 29200
A27: 10307 | B27: 国有资源（资产）有偿使用收入 | C27: 27539 | D27: =E27-C27 -> 0 | E27: 27539 | F27: =G27-E27 -> 0 | G27: 27539 | H27: =I27-G27 -> 0 | I27: 27539
A28: 10308 | B28: 捐赠收入 | C28: 450 | D28: =E28-C28 -> 0 | E28: 450 | F28: =G28-E28 -> 0 | G28: 450 | H28: =I28-G28 -> 0 | I28: 450
A29: 10309 | B29: 政府住房基金收入 | C29: 1755 | D29: =E29-C29 -> 0 | E29: 1755 | F29: =G29-E29 -> 0 | G29: 1755 | H29: =I29-G29 -> 0 | I29: 1755
A30: 10399 | B30: 其他收入 | D30: =E30-C30 -> 0 | F30: =G30-E30 -> 0 | H30: =I30-G30 -> 0
A31: 二、上级补助收入 | C31: =C32+C38+C59 -> 56760 | D31: =E31-C31 -> 0 | E31: =E32+E38+E59 -> 56760 | F31: =G31-E31 -> 0 | G31: =G32+G38+G59 -> 56760 | H31: =I31-G31 -> 17108 | I31: =I32+I38+I59 -> 73868
A32: 11001 | B32: 返还性收入 | C32: =SUBTOTAL(9,C33:C37) -> 25575 | D32: =E32-C32 -> 0 | E32: =SUBTOTAL(9,E33:E37) -> 25575 | F32: =G32-E32 -> 0 | G32: =SUBTOTAL(9,G33:G37) -> 25575 | H32: =I32-G32 -> 0 | I32: =SUBTOTAL(9,I33:I37) -> 25575
A33: 1100102 | B33: 所得税基数返还收入 | C33: 1608 | D33: =E33-C33 -> 0 | E33: 1608 | F33: =G33-E33 -> 0 | G33: 1608 | H33: =I33-G33 -> 0 | I33: 1608
A34: 1100103 | B34: 成品油税费改革税收返还收入 | C34: 1535 | D34: =E34-C34 -> 0 | E34: 1535 | F34: =G34-E34 -> 0 | G34: 1535 | H34: =I34-G34 -> 0 | I34: 1535
A35: 1100104 | B35: 增值税税收返还收入 | C35: 8199 | D35: =E35-C35 -> 0 | E35: 8199 | F35: =G35-E35 -> 0 | G35: 8199 | H35: =I35-G35 -> 0 | I35: 8199
A36: 1100106 | B36: 增值税“五五分享”税收返还收入 | C36: 10829 | D36: =E36-C36 -> 0 | E36: 10829 | F36: =G36-E36 -> 0 | G36: 10829 | H36: =I36-G36 -> 0 | I36: 10829
A37: 1100199 | B37: 其他税收返还收入 | C37: 3404 | D37: =E37-C37 -> 0 | E37: 3404 | F37: =G37-E37 -> 0 | G37: 3404 | H37: =I37-G37 -> 0 | I37: 3404
A38: 11002 | B38: 一般性转移支付收入 | C38: =SUBTOTAL(9,C39:C58) -> 23585 | D38: =E38-C38 -> 0 | E38: =SUBTOTAL(9,E39:E58) -> 23585 | F38: =G38-E38 -> 0 | G38: =SUBTOTAL(9,G39:G58) -> 23585 | H38: =I38-G38 -> 9848 | I38: =SUBTOTAL(9,I39:I58) -> 33433
A39: 1100202 | B39: 均衡性转移支付收入 | C39: 1276 | D39: =E39-C39 -> 0 | E39: 1276 | F39: =G39-E39 -> 0 | G39: 1276 | H39: =I39-G39 -> 901 | I39: 2177
A40: 1100207 | B40: 县级基本财力保障机制奖补资金 | C40: 0 | D40: =E40-C40 -> 0 | E40: 0 | F40: =G40-E40 -> 0 | G40: 0 | H40: =I40-G40 -> 3298 | I40: 3298
A41: 1100208 | B41: 结算补助收入 | C41: 42 | D41: =E41-C41 -> 0 | E41: 42 | F41: =G41-E41 -> 0 | G41: 42 | H41: =I41-G41 -> 1986 | I41: 2028
A42: 1100214 | B42: 企业事业单位划转补助收入 | C42: 2849 | D42: =E42-C42 -> 0 | E42: 2849 | F42: =G42-E42 -> 0 | G42: 2849 | H42: =I42-G42 -> 0 | I42: 2849
A43: 1100221 | B43: 城乡义务教育等转移支付收入 | D43: =E43-C43 -> 0 | F43: =G43-E43 -> 0 | H43: =I43-G43 -> 0
A44: 1100222 | B44: 基本养老金转移支付收入 | D44: =E44-C44 -> 0 | F44: =G44-E44 -> 0 | H44: =I44-G44 -> 0
A45: 1100223 | B45: 城乡居民医疗保险转移支付收入 | D45: =E45-C45 -> 0 | F45: =G45-E45 -> 0 | H45: =I45-G45 -> 0
A46: 1100224 | B46: 农村综合改革转移支付收入 | D46: =E46-C46 -> 0 | F46: =G46-E46 -> 0 | H46: =I46-G46 -> 0
A47: 1100227 | B47: 固定数额补助收入 | C47: =1712-1111 -> 601 | D47: =E47-C47 -> 0 | E47: =1712-1111 -> 601 | F47: =G47-E47 -> 0 | G47: =1712-1111 -> 601 | H47: =I47-G47 -> 61 | I47: 662
A48: 1100231 | B48: 贫困地区转移支付收入 | C48: 0 | D48: =E48-C48 -> 0 | E48: 0 | F48: =G48-E48 -> 0 | G48: 0 | H48: =I48-G48 -> 12 | I48: 12
A49: 1100244 | B49: 公共安全共同财政事权转移支付收入 | C49: 0 | D49: =E49-C49 -> 0 | E49: 0 | F49: =G49-E49 -> 0 | G49: 0 | H49: =I49-G49 -> 35 | I49: 35
A50: 1100245 | B50: 教育共同财政事权转移支付收入 | C50: 6349 | D50: =E50-C50 -> 0 | E50: 6349 | F50: =G50-E50 -> 0 | G50: 6349 | H50: =I50-G50 -> -2506 | I50: 3843
A51: 1100247 | B51: 文化旅游体育与传媒共同财政事权转移支付收入 | C51: 0 | D51: =E51-C51 -> 0 | E51: 0 | F51: =G51-E51 -> 0 | G51: 0 | H51: =I51-G51 -> 196 | I51: 196
A52: 1100248 | B52: 社会保障和就业共同财政事权转移支付收入 | C52: 6619 | D52: =E52-C52 -> 0 | E52: 6619 | F52: =G52-E52 -> 0 | G52: 6619 | H52: =I52-G52 -> 533 | I52: 7152
A53: 1100249 | B53: 医疗卫生共同财政事权转移支付收入 | C53: 23 | D53: =E53-C53 -> 0 | E53: 23 | F53: =G53-E53 -> 0 | G53: 23 | H53: =I53-G53 -> 4905 | I53: 4928
A54: 1100250 | B54: 节能环保共同财政事权转移支付收入 | C54: 0 | D54: =E54-C54 -> 0 | E54: 0 | F54: =G54-E54 -> 0 | G54: 0 | H54: =I54-G54 -> 400 | I54: 400
A55: 1100252 | B55: 农林水共同财政事权转移支付收入 | C55: 5735 | D55: =E55-C55 -> 0 | E55: 5735 | F55: =G55-E55 -> 0 | G55: 5735 | H55: =I55-G55 -> -1076 | I55: 4659
A56: 1100253 | B56: 交通运输共同财政事权转移支付收入 | C56: 0 | D56: =E56-C56 -> 0 | E56: 0 | F56: =G56-E56 -> 0 | G56: 0 | H56: =I56-G56 -> 253 | I56: 253
A57: 1100258 | B57: 住房保障共同财政事权转移支付收入 | C57: 0 | D57: =E57-C57 -> 0 | E57: 0 | F57: =G57-E57 -> 0 | G57: 0 | H57: =I57-G57 -> 41 | I57: 41
A58: 1100299 | B58: 其他一般性转移支付收入 | C58: 91 | D58: =E58-C58 -> 0 | E58: 91 | F58: =G58-E58 -> 0 | G58: 91 | H58: =I58-G58 -> 809 | I58: 900
A59: 11003 | B59: 专项转移支付收入 | C59: 7600 | D59: =E59-C59 -> 0 | E59: 7600 | F59: =G59-E59 -> 0 | G59: 7600 | H59: =I59-G59 -> 7260 | I59: 14860
A60: 三、债务转贷收入 | C60: =C61 -> 0 | D60: =E60-C60 -> 17606 | E60: =E61 -> 17606 | F60: =G60-E60 -> 0 | G60: =G61 -> 17606 | H60: =I60-G60 -> 0 | I60: =I61 -> 17606
A61: 1101101 | B61: 地方政府一般债务转贷收入 | C61: =C62 -> 0 | D61: =E61-C61 -> 17606 | E61: =E62 -> 17606 | F61: =G61-E61 -> 0 | G61: =G62 -> 17606 | H61: =I61-G61 -> 0 | I61: =I62 -> 17606
A62: 110110101 | B62: 地方政府一般债券转贷收入 | C62: 0 | D62: =E62-C62 -> 17606 | E62: 17606 | F62: =G62-E62 -> 0 | G62: 17606 | H62: =I62-G62 -> 0 | I62: 17606
A63: 四、上年结余收入 | C63: =C64 -> 14115 | D63: =E63-C63 -> 0 | E63: =E64 -> 14115 | F63: =G63-E63 -> 0 | G63: =G64 -> 14115 | H63: =I63-G63 -> 1961 | I63: =I64 -> 16076
A64: 11008 | B64: 上年结余收入 | C64: 14115 | D64: =E64-C64 -> 0 | E64: 14115 | F64: =G64-E64 -> 0 | G64: 14115 | H64: =I64-G64 -> 1961 | I64: 16076
A65: 五、调入资金 | C65: =C66 -> 136462 | D65: =E65-C65 -> -17606 | E65: =E66 -> 118856 | F65: =G65-E65 -> 0 | G65: =G66 -> 118856 | H65: =I65-G65 -> -59256 | I65: =I66 -> 59600
A66: 1100901 | B66: 调入一般公共预算资金 | C66: =SUBTOTAL(9,C67:C68) -> 136462 | D66: =E66-C66 -> -17606 | E66: =SUBTOTAL(9,E67:E68) -> 118856 | F66: =G66-E66 -> 0 | G66: =SUBTOTAL(9,G67:G68) -> 118856 | H66: =I66-G66 -> -59256 | I66: =SUBTOTAL(9,I67:I68) -> 59600
A67: 110090102 | B67: 从政府性基金预算调入一般公共预算 | C67: 133162 | D67: =E67-C67 -> -17606 | E67: 115556 | F67: =G67-E67 -> 0 | G67: 115556 | H67: =I67-G67 -> -60556 | I67: 55000
A68: 110090199 | B68: 从其他资金调入一般公共预算 | C68: 3300 | D68: =E68-C68 -> 0 | E68: 3300 | F68: =G68-E68 -> 0 | G68: 3300 | H68: =I68-G68 -> 1300 | I68: 4600
A69: 六、动用预算稳定调节基金 | C69: =C70 -> 1954 | D69: =E69-C69 -> 0 | E69: =E70 -> 1954 | F69: =G69-E69 -> 1633 | G69: =G70 -> 3587 | H69: =I69-G69 -> 0 | I69: =I70 -> 3587
A70: 11015 | B70: 动用预算稳定调节基金 | C70: 1954 | D70: =E70-C70 -> 0 | E70: 1954 | F70: =G70-E70 -> 1633 | G70: 3587 | H70: =I70-G70 -> 0 | I70: 3587
A71: 七、镇上解县 | C71: 6420 | D71: =E71-C71 -> 0 | E71: 6420 | F71: =G71-E71 -> 0 | G71: 6420 | H71: =I71-G71 -> 0 | I71: 6420
A72: 收 入 合 计 | C72: =C6+C31+C65+C69+C71+C63+C60 -> 434764 | D72: =E72-C72 -> 0 | E72: =E6+E31+E65+E69+E71+E63+E60 -> 434764 | F72: =G72-E72 -> 1633 | G72: =G6+G31+G65+G69+G71+G63+G60 -> 436397 | H72: =I72-G72 -> -40187 | I72: =I6+I31+I65+I69+I71+I63+I60 -> 396210

Sheet 本级一般预算支出-功能
A1: 附件1-3：
A2: 鹤山市2020年本级一般公共预算支出预算调整表
A3: （功能分类支出）
I4: 单位:万元
A5: 科目号 | B5: 科目名称 | C5: 2020年预算 | D5: 第一次预算调整 | F5: 第二次预算调整 | H5: 第三次预算调整
D6: 调整金额 | E6: 调整后 预算数 | F6: 调整金额 | G6: 调整后 预算数 | H6: 调整金额 | I6: 调整后 预算数
A7: 一、一般公共预算支出 | C7: 335901 | D7: =E7-C7 -> 0 | E7: 335901 | F7: =G7-E7 -> 1633 | G7: =G8+G292+G311+G402+G456+G510+G567+G698+G772+G850+G873+G984+G1048+G1114+G1174+G1219+G1241+G1294+G1351+G1352+G1356+G1364 -> 337534 | H7: =I7-G7 -> -51912 | I7: =I8+I292+I311+I402+I456+I510+I567+I698+I772+I850+I873+I984+I1048+I1114+I1134+I1174+I1219+I1241+I1294+I1351+I1352+I1356+I1364 -> 285622
A8: 201 | B8: 一般公共服务支出 | C8: 53702 | D8: =E8-C8 -> 0 | E8: =E9+E21+E30+E41+E52+E63+E74+E86+E95+E108+E118+E127+E138+E151+E158+E166+E172+E179+E186+E193+E200+E207+E215+E221+E227+E234+E249 -> 53702 | F8: =G8-E8 -> 0 | G8: =G9+G21+G30+G41+G52+G63+G74+G86+G95+G108+G118+G127+G138+G151+G158+G166+G172+G179+G186+G193+G200+G207+G215+G221+G227+G234+G249 -> 53702 | H8: =I8-G8 -> -11778 | I8: =I9+I21+I30+I41+I52+I63+I74+I86+I95+I108+I118+I127+I138+I151+I158+I166+I172+I179+I186+I193+I200+I207+I215+I221+I227+I234+I249 -> 41924
A9: 20101 | B9: 人大事务 | C9: 1334 | D9: =E9-C9 -> 0 | E9: =SUM(E10:E20) -> 1334 | F9: =G9-E9 -> 0 | G9: =SUM(G10:G20) -> 1334 | H9: =I9-G9 -> -260 | I9: =SUM(I10:I20) -> 1074
A10: 2010101 | B10: 行政运行 | C10: 776 | D10: =E10-C10 -> 0 | E10: 776 | F10: =G10-E10 -> 0 | G10: 776 | H10: =I10-G10 -> 26 | I10: 802
A11: 2010102 | B11: 一般行政管理事务 | C11: 60 | D11: =E11-C11 -> 0 | E11: 60 | F11: =G11-E11 -> 0 | G11: 60 | H11: =I11-G11 -> 29 | I11: 89
A12: 2010103 | B12: 机关服务 | C12: 9 | D12: =E12-C12 -> 0 | E12: 9 | F12: =G12-E12 -> 0 | G12: 9 | H12: =I12-G12 -> 10 | I12: 19
A13: 2010104 | B13: 人大会议 | C13: 66 | D13: =E13-C13 -> 0 | E13: 66 | F13: =G13-E13 -> 0 | G13: 66 | H13: =I13-G13 -> 4 | I13: 70
A14: 2010105 | B14: 人大立法 | C14: 2 | D14: =E14-C14 -> 0 | E14: 2 | F14: =G14-E14 -> 0 | G14: 2 | H14: =I14-G14 -> -2 | I14: 0
A15: 2010106 | B15: 人大监督 | C15: 0 | D15: =E15-C15 -> 0 | E15: 0 | F15: =G15-E15 -> 0 | G15: 0 | H15: =I15-G15 -> 0 | I15: 0 | K15: 2
A16: 2010107 | B16: 人大代表履职能力提升 | C16: 12 | D16: =E16-C16 -> 0 | E16: 12 | F16: =G16-E16 -> 0 | G16: 12 | H16: =I16-G16 -> -7 | I16: 5
A17: 2010108 | B17: 代表工作 | C17: 29 | D17: =E17-C17 -> 0 | E17: 29 | F17: =G17-E17 -> 0 | G17: 29 | H17: =I17-G17 -> -16 | I17: 13
A18: 2010109 | B18: 人大信访工作 | C18: 9 | D18: =E18-C18 -> 0 | E18: 9 | F18: =G18-E18 -> 0 | G18: 9 | H18: =I18-G18 -> 0 | I18: 9
A19: 2010150 | B19: 事业运行 | C19: 0 | D19: =E19-C19 -> 0 | E19: 0 | F19: =G19-E19 -> 0 | G19: 0 | H19: =I19-G19 -> 0 | I19: 0 | K19: 2
A20: 2010199 | B20: 其他人大事务支出 | C20: 371 | D20: =E20-C20 -> 0 | E20: 371 | F20: =G20-E20 -> 0 | G20: 371 | H20: =I20-G20 -> -304 | I20: 67
A21: 20102 | B21: 政协事务 | C21: 926 | D21: =E21-C21 -> 0 | E21: =SUM(E22:E29) -> 926 | F21: =G21-E21 -> 0 | G21: =SUM(G22:G29) -> 926 | H21: =I21-G21 -> -4 | I21: =SUM(I22:I29) -> 922
A22: 2010201 | B22: 行政运行 | C22: 592 | D22: =E22-C22 -> 0 | E22: 592 | F22: =G22-E22 -> 0 | G22: 592 | H22: =I22-G22 -> 15 | I22: 607
A23: 2010202 | B23: 一般行政管理事务 | C23: 42 | D23: =E23-C23 -> 0 | E23: 42 | F23: =G23-E23 -> 0 | G23: 42 | H23: =I23-G23 -> 36 | I23: 78
A24: 2010203 | B24: 机关服务 | C24: 11 | D24: =E24-C24 -> 0 | E24: 11 | F24: =G24-E24 -> 0 | G24: 11 | H24: =I24-G24 -> 0 | I24: 11
A25: 2010204 | B25: 政协会议 | C25: 70 | D25: =E25-C25 -> 0 | E25: 70 | F25: =G25-E25 -> 0 | G25: 70 | H25: =I25-G25 -> -29 | I25: 41
A26: 2010205 | B26: 委员视察 | C26: 46 | D26: =E26-C26 -> 0 | E26: 46 | F26: =G26-E26 -> 0 | G26: 46 | H26: =I26-G26 -> -15 | I26: 31
A27: 2010206 | B27: 参政议政 | C27: 20 | D27: =E27-C27 -> 0 | E27: 20 | F27: =G27-E27 -> 0 | G27: 20 | H27: =I27-G27 -> -3 | I27: 17
A28: 2010250 | B28: 事业运行 | C28: 0 | D28: =E28-C28 -> 0 | E28: 0 | F28: =G28-E28 -> 0 | G28: 0 | H28: =I28-G28 -> 0 | I28: 0 | K28: 2
A29: 2010299 | B29: 其他政协事务支出 | C29: 145 | D29: =E29-C29 -> 0 | E29: 145 | F29: =G29-E29 -> 0 | G29: 145 | H29: =I29-G29 -> -8 | I29: 137
A30: 20103 | B30: 政府办公厅（室）及相关机构事务 | C30: 8346 | D30: =E30-C30 -> 0 | E30: =SUM(E31:E40) -> 8346 | F30: =G30-E30 -> 0 | G30: =SUM(G31:G40) -> 8346 | H30: =I30-G30 -> -1116 | I30: =SUM(I31:I40) -> 7230
A31: 2010301 | B31: 行政运行 | C31: 2355 | D31: =E31-C31 -> 0 | E31: 2355 | F31: =G31-E31 -> 0 | G31: 2355 | H31: =I31-G31 -> 28 | I31: 2383
A32: 2010302 | B32: 一般行政管理事务 | C32: 775 | D32: =E32-C32 -> 0 | E32: 775 | F32: =G32-E32 -> 0 | G32: 775 | H32: =I32-G32 -> 10 | I32: 785
A33: 2010303 | B33: 机关服务 | C33: 146 | D33: =E33-C33 -> 0 | E33: 146 | F33: =G33-E33 -> 0 | G33: 146 | H33: =I33-G33 -> -96 | I33: 50
A34: 2010304 | B34: 专项服务 | C34: 0 | D34: =E34-C34 -> 0 | E34: 0 | F34: =G34-E34 -> 0 | G34: 0 | H34: =I34-G34 -> 0 | I34: 0 | K34: 2
A35: 2010305 | B35: 专项业务活动 | C35: 113 | D35: =E35-C35 -> 0 | E35: 113 | F35: =G35-E35 -> 0 | G35: 113 | H35: =I35-G35 -> -1 | I35: 112
A36: 2010306 | B36: 政务公开审批 | C36: 40 | D36: =E36-C36 -> 0 | E36: 40 | F36: =G36-E36 -> 0 | G36: 40 | H36: =I36-G36 -> -5 | I36: 35
A37: 2010308 | B37: 信访事务 | C37: 408 | D37: =E37-C37 -> 0 | E37: 408 | F37: =G37-E37 -> 0 | G37: 408 | H37: =I37-G37 -> -297 | I37: 111
A38: 2010309 | B38: 参事事务 | C38: 0 | D38: =E38-C38 -> 0 | E38: 0 | F38: =G38-E38 -> 0 | G38: 0 | H38: =I38-G38 -> 0 | I38: 0 | K38: 2
A39: 2010350 | B39: 事业运行 | C39: 1047 | D39: =E39-C39 -> 0 | E39: 1047 | F39: =G39-E39 -> 0 | G39: 1047 | H39: =I39-G39 -> 26 | I39: 1073
A40: 2010399 | B40: 其他政府办公厅（室）及相关机构事务支出 | C40: 3462 | D40: =E40-C40 -> 0 | E40: 3462 | F40: =G40-E40 -> 0 | G40: 3462 | H40: =I40-G40 -> -781 | I40: 2681
A41: 20104 | B41: 发展与改革事务 | C41: 1014 | D41: =E41-C41 -> 0 | E41: =SUM(E42:E51) -> 1014 | F41: =G41-E41 -> 0 | G41: =SUM(G42:G51) -> 1014 | H41: =I41-G41 -> -128 | I41: =SUM(I42:I51) -> 886
A42: 2010401 | B42: 行政运行 | C42: 637 | D42: =E42-C42 -> 0 | E42: 637 | F42: =G42-E42 -> 0 | G42: 637 | H42: =I42-G42 -> -81 | I42: 556
A43: 2010402 | B43: 一般行政管理事务 | C43: 40 | D43: =E43-C43 -> 0 | E43: 40 | F43: =G43-E43 -> 0 | G43: 40 | H43: =I43-G43 -> 34 | I43: 74
A44: 2010403 | B44: 机关服务 | C44: 13 | D44: =E44-C44 -> 0 | E44: 13 | F44: =G44-E44 -> 0 | G44: 13 | H44: =I44-G44 -> 3 | I44: 16
A45: 2010404 | B45: 战略规划与实施 | C45: 166 | D45: =E45-C45 -> 0 | E45: 166 | F45: =G45-E45 -> 0 | G45: 166 | H45: =I45-G45 -> -11 | I45: 155
A46: 2010405 | B46: 日常经济运行调节 | C46: 0 | D46: =E46-C46 -> 0 | E46: 0 | F46: =G46-E46 -> 0 | G46: 0 | H46: =I46-G46 -> 0 | I46: 0 | K46: 2
A47: 2010406 | B47: 社会事业发展规划 | C47: 20 | D47: =E47-C47 -> 0 | E47: 20 | F47: =G47-E47 -> 0 | G47: 20 | H47: =I47-G47 -> -9 | I47: 11
A48: 2010407 | B48: 经济体制改革研究 | C48: 0 | D48: =E48-C48 -> 0 | E48: 0 | F48: =G48-E48 -> 0 | G48: 0 | H48: =I48-G48 -> 0 | I48: 0 | K48: 2
A49: 2010408 | B49: 物价管理 | C49: 24 | D49: =E49-C49 -> 0 | E49: 24 | F49: =G49-E49 -> 0 | G49: 24 | H49: =I49-G49 -> -3 | I49: 21
A50: 2010450 | B50: 事业运行 | C50: 53 | D50: =E50-C50 -> 0 | E50: 53 | F50: =G50-E50 -> 0 | G50: 53 | H50: =I50-G50 -> -3 | I50: 50
A51: 2010499 | B51: 其他发展与改革事务支出 | C51: 61 | D51: =E51-C51 -> 0 | E51: 61 | F51: =G51-E51 -> 0 | G51: 61 | H51: =I51-G51 -> -58 | I51: 3
A52: 20105 | B52: 统计信息事务 | C52: 637 | D52: =E52-C52 -> 0 | E52: =SUM(E53:E62) -> 637 | F52: =G52-E52 -> 0 | G52: =SUM(G53:G62) -> 637 | H52: =I52-G52 -> -57 | I52: =SUM(I53:I62) -> 580
A53: 2010501 | B53: 行政运行 | C53: 296 | D53: =E53-C53 -> 0 | E53: 296 | F53: =G53-E53 -> 0 | G53: 296 | H53: =I53-G53 -> -3 | I53: 293
A54: 2010502 | B54: 一般行政管理事务 | C54: 20 | D54: =E54-C54 -> 0 | E54: 20 | F54: =G54-E54 -> 0 | G54: 20 | H54: =I54-G54 -> 17 | I54: 37
A55: 2010503 | B55: 机关服务 | C55: 14 | D55: =E55-C55 -> 0 | E55: 14 | F55: =G55-E55 -> 0 | G55: 14 | H55: =I55-G55 -> -1 | I55: 13
A56: 2010504 | B56: 信息事务 | C56: 0 | D56: =E56-C56 -> 0 | E56: 0 | F56: =G56-E56 -> 0 | G56: 0 | H56: =I56-G56 -> 0 | I56: 0 | K56: 2
A57: 2010505 | B57: 专项统计业务 | C57: 47 | D57: =E57-C57 -> 0 | E57: 47 | F57: =G57-E57 -> 0 | G57: 47 | H57: =I57-G57 -> 0 | I57: 47
A58: 2010506 | B58: 统计管理 | C58: 74 | D58: =E58-C58 -> 0 | E58: 74 | F58: =G58-E58 -> 0 | G58: 74 | H58: =I58-G58 -> -20 | I58: 54
A59: 2010507 | B59: 专项普查活动 | C59: 136 | D59: =E59-C59 -> 0 | E59: 136 | F59: =G59-E59 -> 0 | G59: 136 | H59: =I59-G59 -> -49 | I59: 87
A60: 2010508 | B60: 统计抽样调查 | C60: 0 | D60: =E60-C60 -> 0 | E60: 0 | F60: =G60-E60 -> 0 | G60: 0 | H60: =I60-G60 -> 0 | I60: 0 | K60: 2
A61: 2010550 | B61: 事业运行 | C61: 0 | D61: =E61-C61 -> 0 | E61: 0 | F61: =G61-E61 -> 0 | G61: 0 | H61: =I61-G61 -> 0 | I61: 0 | K61: 2
A62: 2010599 | B62: 其他统计信息事务支出 | C62: 50 | D62: =E62-C62 -> 0 | E62: 50 | F62: =G62-E62 -> 0 | G62: 50 | H62: =I62-G62 -> -1 | I62: 49
A63: 20106 | B63: 财政事务 | C63: 2821 | D63: =E63-C63 -> 0 | E63: =SUM(E64:E73) -> 2821 | F63: =G63-E63 -> 0 | G63: =SUM(G64:G73) -> 2821 | H63: =I63-G63 -> 243 | I63: =SUM(I64:I73) -> 3064
A64: 2010601 | B64: 行政运行 | C64: 1522 | D64: =E64-C64 -> 0 | E64: 1522 | F64: =G64-E64 -> 0 | G64: 1522 | H64: =I64-G64 -> 33 | I64: 1555
A65: 2010602 | B65: 一般行政管理事务 | C65: 113 | D65: =E65-C65 -> 0 | E65: 113 | F65: =G65-E65 -> 0 | G65: 113 | H65: =I65-G65 -> 100 | I65: 213
A66: 2010603 | B66: 机关服务 | C66: 80 | D66: =E66-C66 -> 0 | E66: 80 | F66: =G66-E66 -> 0 | G66: 80 | H66: =I66-G66 -> -33 | I66: 47
A67: 2010604 | B67: 预算改革业务 | C67: 0 | D67: =E67-C67 -> 0 | E67: 0 | F67: =G67-E67 -> 0 | G67: 0 | H67: =I67-G67 -> 0 | I67: 0 | K67: 2
A68: 2010605 | B68: 财政国库业务 | C68: 28 | D68: =E68-C68 -> 0 | E68: 28 | F68: =G68-E68 -> 0 | G68: 28 | H68: =I68-G68 -> 9 | I68: 37
A69: 2010606 | B69: 财政监察 | C69: 92 | D69: =E69-C69 -> 0 | E69: 92 | F69: =G69-E69 -> 0 | G69: 92 | H69: =I69-G69 -> 24 | I69: 116
A70: 2010607 | B70: 信息化建设 | C70: 67 | D70: =E70-C70 -> 0 | E70: 67 | F70: =G70-E70 -> 0 | G70: 67 | H70: =I70-G70 -> -29 | I70: 38
A71: 2010608 | B71: 财政委托业务支出 | C71: 0 | D71: =E71-C71 -> 0 | E71: 0 | F71: =G71-E71 -> 0 | G71: 0 | H71: =I71-G71 -> 0 | I71: 0 | K71: 2
A72: 2010650 | B72: 事业运行 | C72: 513 | D72: =E72-C72 -> 0 | E72: 513 | F72: =G72-E72 -> 0 | G72: 513 | H72: =I72-G72 -> 63 | I72: 576
A73: 2010699 | B73: 其他财政事务支出 | C73: 406 | D73: =E73-C73 -> 0 | E73: 406 | F73: =G73-E73 -> 0 | G73: 406 | H73: =I73-G73 -> 76 | I73: 482
A74: 20107 | B74: 税收事务 | C74: 7746 | D74: =E74-C74 -> 0 | E74: =SUM(E75:E85) -> 7746 | F74: =G74-E74 -> 0 | G74: =SUM(G75:G85) -> 7746 | H74: =I74-G74 -> 0 | I74: =SUM(I75:I85) -> 7746
A75: 2010701 | B75: 行政运行 | C75: 0 | D75: =E75-C75 -> 0 | E75: 0 | F75: =G75-E75 -> 0 | G75: 0 | H75: =I75-G75 -> 0 | K75: 2
A76: 2010702 | B76: 一般行政管理事务 | C76: 0 | D76: =E76-C76 -> 0 | E76: 0 | F76: =G76-E76 -> 0 | G76: 0 | H76: =I76-G76 -> 0 | K76: 2
A77: 2010703 | B77: 机关服务 | C77: 0 | D77: =E77-C77 -> 0 | E77: 0 | F77: =G77-E77 -> 0 | G77: 0 | H77: =I77-G77 -> 0 | K77: 2
A78: 2010704 | B78: 税务办案 | C78: 0 | D78: =E78-C78 -> 0 | E78: 0 | F78: =G78-E78 -> 0 | G78: 0 | H78: =I78-G78 -> 0 | K78: 2
A79: 2010705 | B79: 发票管理及税务登记 | C79: 0 | D79: =E79-C79 -> 0 | E79: 0 | F79: =G79-E79 -> 0 | G79: 0 | H79: =I79-G79 -> 0 | K79: 2
A80: 2010706 | B80: 代扣代收代征税款手续费 | C80: 0 | D80: =E80-C80 -> 0 | E80: 0 | F80: =G80-E80 -> 0 | G80: 0 | H80: =I80-G80 -> 0 | K80: 2
A81: 2010707 | B81: 税务宣传 | C81: 0 | D81: =E81-C81 -> 0 | E81: 0 | F81: =G81-E81 -> 0 | G81: 0 | H81: =I81-G81 -> 0 | K81: 2
A82: 2010708 | B82: 协税护税 | C82: 0 | D82: =E82-C82 -> 0 | E82: 0 | F82: =G82-E82 -> 0 | G82: 0 | H82: =I82-G82 -> 0 | K82: 2
A83: 2010709 | B83: 信息化建设 | C83: 0 | D83: =E83-C83 -> 0 | E83: 0 | F83: =G83-E83 -> 0 | G83: 0 | H83: =I83-G83 -> 0 | K83: 2
A84: 2010750 | B84: 事业运行 | C84: 0 | D84: =E84-C84 -> 0 | E84: 0 | F84: =G84-E84 -> 0 | G84: 0 | H84: =I84-G84 -> 0 | K84: 2
A85: 2010799 | B85: 其他税收事务支出 | C85: 7746 | D85: =E85-C85 -> 0 | E85: 7746 | F85: =G85-E85 -> 0 | G85: 7746 | H85: =I85-G85 -> 0 | I85: 7746
A86: 20108 | B86: 审计事务 | C86: 669 | D86: =E86-C86 -> 0 | E86: =SUM(E87:E94) -> 669 | F86: =G86-E86 -> 0 | G86: =SUM(G87:G94) -> 669 | H86: =I86-G86 -> 71 | I86: =SUM(I87:I94) -> 740
A87: 2010801 | B87: 行政运行 | C87: 390 | D87: =E87-C87 -> 0 | E87: 390 | F87: =G87-E87 -> 0 | G87: 390 | H87: =I87-G87 -> 11 | I87: 401
A88: 2010802 | B88: 一般行政管理事务 | C88: 35 | D88: =E88-C88 -> 0 | E88: 35 | F88: =G88-E88 -> 0 | G88: 35 | H88: =I88-G88 -> 25 | I88: 60
A89: 2010803 | B89: 机关服务 | C89: 0 | D89: =E89-C89 -> 0 | E89: 0 | F89: =G89-E89 -> 0 | G89: 0 | H89: =I89-G89 -> 0 | I89: 0 | K89: 2
A90: 2010804 | B90: 审计业务 | C90: 74 | D90: =E90-C90 -> 0 | E90: 74 | F90: =G90-E90 -> 0 | G90: 74 | H90: =I90-G90 -> -3 | I90: 71
A91: 2010805 | B91: 审计管理 | C91: 0 | D91: =E91-C91 -> 0 | E91: 0 | F91: =G91-E91 -> 0 | G91: 0 | H91: =I91-G91 -> 0 | I91: 0 | K91: 2
A92: 2010806 | B92: 信息化建设 | C92: 9 | D92: =E92-C92 -> 0 | E92: 9 | F92: =G92-E92 -> 0 | G92: 9 | H92: =I92-G92 -> 1 | I92: 10
A93: 2010850 | B93: 事业运行 | C93: 0 | D93: =E93-C93 -> 0 | E93: 0 | F93: =G93-E93 -> 0 | G93: 0 | H93: =I93-G93 -> 0 | I93: 0 | K93: 2
A94: 2010899 | B94: 其他审计事务支出 | C94: 161 | D94: =E94-C94 -> 0 | E94: 161 | F94: =G94-E94 -> 0 | G94: 161 | H94: =I94-G94 -> 37 | I94: 198
A95: 20109 | B95: 海关事务 | C95: 372 | D95: =E95-C95 -> 0 | E95: =SUM(E96:E107) -> 372 | F95: =G95-E95 -> 0 | G95: =SUM(G96:G107) -> 372 | H95: =I95-G95 -> -4 | I95: =SUM(I96:I107) -> 368
A96: 2010901 | B96: 行政运行 | C96: 0 | D96: =E96-C96 -> 0 | E96: 0 | F96: =G96-E96 -> 0 | G96: 0 | H96: =I96-G96 -> 0 | K96: 2
A97: 2010902 | B97: 一般行政管理事务 | C97: 0 | D97: =E97-C97 -> 0 | E97: 0 | F97: =G97-E97 -> 0 | G97: 0 | H97: =I97-G97 -> 0 | K97: 2
A98: 2010903 | B98: 机关服务 | C98: 0 | D98: =E98-C98 -> 0 | E98: 0 | F98: =G98-E98 -> 0 | G98: 0 | H98: =I98-G98 -> 0 | K98: 2
A99: 2010905 | B99: 缉私办案 | C99: 0 | D99: =E99-C99 -> 0 | E99: 0 | F99: =G99-E99 -> 0 | G99: 0 | H99: =I99-G99 -> 0 | K99: 2
A100: 2010907 | B100: 口岸管理 | C100: 0 | D100: =E100-C100 -> 0 | E100: 0 | F100: =G100-E100 -> 0 | G100: 0 | H100: =I100-G100 -> 0 | K100: 2
...

Sheet 本级一般预算支出-经济
A1: 附件1-4：
A2: 鹤山市2020年本级一般公共预算支出预算调整表
A3: （经济分类支出）
I4: 单位:万元
A5: 科目号 | B5: 科目名称 | C5: 2020年 预算 | D5: 第一次预算调整 | F5: 第二次预算调整 | H5: 第三次预算调整
D6: 调整金额 | E6: 调整后 预算数 | F6: 调整金额 | G6: 调整后 预算数 | H6: 调整金额 | I6: 调整后 预算数
A7: 一、一般公共预算支出 | C7: 335901 | D7: =E7-C7 -> 0 | E7: =E8+E13+E24+E32+E39+E43+E46+E50+E53+E59+E62+E67+E70 -> 335901 | F7: =G7-E7 -> 1633 | G7: =G8+G13+G24+G32+G39+G43+G46+G50+G53+G59+G62+G67+G70 -> 337534 | H7: =I7-G7 -> -51912 | I7: =I8+I13+I24+I32+I39+I43+I46+I50+I53+I59+I62+I67+I70 -> 285622
A8: 501 | B8: 机关工资福利支出 | C8: 72601 | D8: =E8-C8 -> 0 | E8: =SUM(E9:E12) -> 72601 | F8: =G8-E8 -> 0 | G8: =SUM(G9:G12) -> 72601 | H8: =I8-G8 -> -3764 | I8: =SUM(I9:I12) -> 68837
A9: 50101 | B9: 工资奖金津补贴 | C9: 44595 | D9: =E9-C9 -> 0 | E9: 44595 | F9: =G9-E9 -> 0 | G9: 44595 | H9: =I9-G9 -> -3774 | I9: 40821
A10: 50102 | B10: 社会保障缴费 | C10: 9577 | D10: =E10-C10 -> 0 | E10: 9577 | F10: =G10-E10 -> 0 | G10: 9577 | H10: =I10-G10 -> 4096 | I10: 13673
A11: 50103 | B11: 住房公积金 | C11: 3913 | D11: =E11-C11 -> 0 | E11: 3913 | F11: =G11-E11 -> 0 | G11: 3913 | H11: =I11-G11 -> -609 | I11: 3304
A12: 50199 | B12: 其他工资福利支出 | C12: 14516 | D12: =E12-C12 -> 0 | E12: 14516 | F12: =G12-E12 -> 0 | G12: 14516 | H12: =I12-G12 -> -3477 | I12: 11039
A13: 502 | B13: 机关商品和服务支出 | C13: 73599 | D13: =E13-C13 -> 0 | E13: =SUM(E14:E23) -> 73599 | F13: =G13-E13 -> 0 | G13: =SUM(G14:G23) -> 73599 | H13: =I13-G13 -> -25434 | I13: =SUM(I14:I23) -> 48165
A14: 50201 | B14: 办公经费 | C14: 6851 | D14: =E14-C14 -> 0 | E14: 6851 | F14: =G14-E14 -> 0 | G14: 6851 | H14: =I14-G14 -> -95 | I14: 6756
A15: 50202 | B15: 会议费 | C15: 266 | D15: =E15-C15 -> 0 | E15: 266 | F15: =G15-E15 -> 0 | G15: 266 | H15: =I15-G15 -> 0 | I15: 266
A16: 50203 | B16: 培训费 | C16: 1022 | D16: =E16-C16 -> 0 | E16: 1022 | F16: =G16-E16 -> 0 | G16: 1022 | H16: =I16-G16 -> 0 | I16: 1022
A17: 50204 | B17: 专用材料购置费 | C17: 879 | D17: =E17-C17 -> 0 | E17: 879 | F17: =G17-E17 -> 0 | G17: 879 | H17: =I17-G17 -> -505 | I17: 374
A18: 50205 | B18: 委托业务费 | C18: 5219 | D18: =E18-C18 -> 0 | E18: 5219 | F18: =G18-E18 -> 0 | G18: 5219 | H18: =I18-G18 -> 31 | I18: 5250
A19: 50206 | B19: 公务接待费 | C19: 471 | D19: =E19-C19 -> 0 | E19: 471 | F19: =G19-E19 -> 0 | G19: 471 | H19: =I19-G19 -> 0 | I19: 471
A20: 50207 | B20: 因公出国（境）费用 | C20: 57 | D20: =E20-C20 -> 0 | E20: 57 | F20: =G20-E20 -> 0 | G20: 57 | H20: =I20-G20 -> 0 | I20: 57
A21: 50208 | B21: 公务用车运行维护费 | C21: 766 | D21: =E21-C21 -> 0 | E21: 766 | F21: =G21-E21 -> 0 | G21: 766 | H21: =I21-G21 -> 0 | I21: 766
A22: 50209 | B22: 维修(护)费 | C22: 654 | D22: =E22-C22 -> 0 | E22: 654 | F22: =G22-E22 -> 0 | G22: 654 | H22: =I22-G22 -> -173 | I22: 481
A23: 50299 | B23: 其他商品和服务支出 | C23: 57414 | D23: =E23-C23 -> 0 | E23: 57414 | F23: =G23-E23 -> 0 | G23: 57414 | H23: =I23-G23 -> -24692 | I23: 32722
A24: 503 | B24: 机关资本性支出（一） | C24: 25532 | D24: =E24-C24 -> 0 | E24: =SUM(E25:E31) -> 25532 | F24: =G24-E24 -> 1633 | G24: =SUM(G25:G31) -> 27165 | H24: =I24-G24 -> -15161 | I24: =SUM(I25:I31) -> 12004
A25: 50301 | B25: 房屋建筑物购建 | C25: 1162 | D25: =E25-C25 -> 0 | E25: 1162 | F25: =G25-E25 -> 0 | G25: 1162 | H25: =I25-G25 -> -462 | I25: 700
A26: 50302 | B26: 基础设施建设 | C26: 10960 | D26: =E26-C26 -> 0 | E26: 10960 | F26: =G26-E26 -> 1633 | G26: 12593 | H26: =I26-G26 -> -7564 | I26: 5029
A27: 50303 | B27: 公务用车购置 | C27: 88 | D27: =E27-C27 -> 0 | E27: 88 | F27: =G27-E27 -> 0 | G27: 88 | H27: =I27-G27 -> 0 | I27: 88
A28: 50305 | B28: 土地征迁补偿和安置支出 | C28: 0 | D28: =E28-C28 -> 0 | E28: 0 | F28: =G28-E28 -> 0 | G28: 0 | H28: =I28-G28 -> 0
A29: 50306 | B29: 设备购置 | C29: 6177 | D29: =E29-C29 -> 0 | E29: 6177 | F29: =G29-E29 -> 0 | G29: 6177 | H29: =I29-G29 -> -2107 | I29: 4070
A30: 50307 | B30: 大型修缮 | C30: 1331 | D30: =E30-C30 -> 0 | E30: 1331 | F30: =G30-E30 -> 0 | G30: 1331 | H30: =I30-G30 -> -321 | I30: 1010
A31: 50399 | B31: 其他资本性支出 | C31: 5814 | D31: =E31-C31 -> 0 | E31: 5814 | F31: =G31-E31 -> 0 | G31: 5814 | H31: =I31-G31 -> -4707 | I31: 1107
A32: 504 | B32: 机关资本性支出（二） | C32: 0 | D32: =E32-C32 -> 0 | E32: =SUM(E33:E38) -> 0 | F32: =G32-E32 -> 0 | G32: =SUM(G33:G38) -> 0 | H32: =I32-G32 -> 16 | I32: =SUM(I33:I38) -> 16
A33: 50401 | B33: 房屋建筑物购建 | C33: 0 | D33: =E33-C33 -> 0 | E33: 0 | F33: =G33-E33 -> 0 | G33: 0 | H33: =I33-G33 -> 0
A34: 50402 | B34: 基础设施建设 | C34: 0 | D34: =E34-C34 -> 0 | E34: 0 | F34: =G34-E34 -> 0 | G34: 0 | H34: =I34-G34 -> 0
A35: 50403 | B35: 公务用车购置 | C35: 0 | D35: =E35-C35 -> 0 | E35: 0 | F35: =G35-E35 -> 0 | G35: 0 | H35: =I35-G35 -> 0
A36: 50404 | B36: 设备购置 | C36: 0 | D36: =E36-C36 -> 0 | E36: 0 | F36: =G36-E36 -> 0 | G36: 0 | H36: =I36-G36 -> 16 | I36: 16
A37: 50405 | B37: 大型修缮 | C37: 0 | D37: =E37-C37 -> 0 | E37: 0 | F37: =G37-E37 -> 0 | G37: 0 | H37: =I37-G37 -> 0
A38: 50499 | B38: 其他资本性支出 | C38: 0 | D38: =E38-C38 -> 0 | E38: 0 | F38: =G38-E38 -> 0 | G38: 0 | H38: =I38-G38 -> 0
A39: 505 | B39: 对事业单位经常性补助 | C39: 70721 | D39: =E39-C39 -> 0 | E39: =SUM(E40:E42) -> 70721 | F39: =G39-E39 -> 0 | G39: =SUM(G40:G42) -> 70721 | H39: =I39-G39 -> -2028 | I39: =SUM(I40:I42) -> 68693
A40: 50501 | B40: 工资福利支出 | C40: 57115 | D40: =E40-C40 -> 0 | E40: 57115 | F40: =G40-E40 -> 0 | G40: 57115 | H40: =I40-G40 -> -975 | I40: 56140
A41: 50502 | B41: 商品和服务支出 | C41: 13606 | D41: =E41-C41 -> 0 | E41: 13606 | F41: =G41-E41 -> 0 | G41: 13606 | H41: =I41-G41 -> -1053 | I41: 12553
A42: 50599 | B42: 其他对事业单位补助 | C42: 0 | D42: =E42-C42 -> 0 | E42: 0 | F42: =G42-E42 -> 0 | G42: 0 | H42: =I42-G42 -> 0
A43: 506 | B43: 对事业单位资本性补助 | C43: 5094 | D43: =E43-C43 -> 0 | E43: =SUM(E44:E45) -> 5094 | F43: =G43-E43 -> 0 | G43: =SUM(G44:G45) -> 5094 | H43: =I43-G43 -> -1450 | I43: =SUM(I44:I45) -> 3644
A44: 50601 | B44: 资本性支出（一） | C44: 5094 | D44: =E44-C44 -> 0 | E44: 5094 | F44: =G44-E44 -> 0 | G44: 5094 | H44: =I44-G44 -> -1450 | I44: 3644
A45: 50602 | B45: 资本性支出（二） | D45: =E45-C45 -> 0 | F45: =G45-E45 -> 0 | H45: =I45-G45 -> 0
A46: 507 | B46: 对企业补助 | C46: 23907 | D46: =E46-C46 -> 0 | E46: =SUM(E47:E49) -> 23907 | F46: =G46-E46 -> 0 | G46: =SUM(G47:G49) -> 23907 | H46: =I46-G46 -> 480 | I46: =SUM(I47:I49) -> 24387
A47: 50701 | B47: 费用补贴 | C47: 827 | D47: =E47-C47 -> 0 | E47: 827 | F47: =G47-E47 -> 0 | G47: 827 | H47: =I47-G47 -> 198 | I47: 1025
A48: 50702 | B48: 利息补贴 | C48: 0 | D48: =E48-C48 -> 0 | E48: 0 | F48: =G48-E48 -> 0 | G48: 0 | H48: =I48-G48 -> 15 | I48: 15
A49: 50799 | B49: 其他对企业补助 | C49: 23080 | D49: =E49-C49 -> 0 | E49: 23080 | F49: =G49-E49 -> 0 | G49: 23080 | H49: =I49-G49 -> 267 | I49: 23347
A50: 508 | B50: 对企业资本性支出 | C50: 0 | D50: =E50-C50 -> 0 | E50: =SUM(E51:E52) -> 0 | F50: =G50-E50 -> 0 | G50: =SUM(G51:G52) -> 0 | H50: =I50-G50 -> 0 | I50: =SUM(I51:I52) -> 0
A51: 50801 | B51: 对企业资本性支出（一） | C51: 0 | D51: =E51-C51 -> 0 | E51: 0 | F51: =G51-E51 -> 0 | G51: 0 | H51: =I51-G51 -> 0
A52: 50802 | B52: 对企业资本性支出（二） | C52: 0 | D52: =E52-C52 -> 0 | E52: 0 | F52: =G52-E52 -> 0 | G52: 0 | H52: =I52-G52 -> 0
A53: 509 | B53: 对个人和家庭的补助 | C53: 49461 | D53: =E53-C53 -> 0 | E53: =SUM(E54:E58) -> 49461 | F53: =G53-E53 -> 0 | G53: =SUM(G54:G58) -> 49461 | H53: =I53-G53 -> 262 | I53: =SUM(I54:I58) -> 49723
A54: 50901 | B54: 社会福利和救助 | C54: 20339 | D54: =E54-C54 -> 0 | E54: 20339 | F54: =G54-E54 -> 0 | G54: 20339 | H54: =I54-G54 -> 10063 | I54: =30691-289 -> 30402
A55: 50902 | B55: 助学金 | C55: 728 | D55: =E55-C55 -> 0 | E55: 728 | F55: =G55-E55 -> 0 | G55: 728 | H55: =I55-G55 -> -509 | I55: 219
A56: 50903 | B56: 个人农业生产补贴 | C56: 1830 | D56: =E56-C56 -> 0 | E56: 1830 | F56: =G56-E56 -> 0 | G56: 1830 | H56: =I56-G56 -> -1261 | I56: 569
A57: 50905 | B57: 离退休费 | C57: 19650 | D57: =E57-C57 -> 0 | E57: 19650 | F57: =G57-E57 -> 0 | G57: 19650 | H57: =I57-G57 -> -5371 | I57: 14279
A58: 50999 | B58: 其他对个人和家庭的补助 | C58: 6914 | D58: =E58-C58 -> 0 | E58: 6914 | F58: =G58-E58 -> 0 | G58: 6914 | H58: =I58-G58 -> -2660 | I58: 4254
A59: 510 | B59: 对社会保障基金补助 | C59: 0 | D59: =E59-C59 -> 0 | E59: =SUM(E60:E61) -> 0 | F59: =G59-E59 -> 0 | G59: =SUM(G60:G61) -> 0 | H59: =I59-G59 -> 0 | I59: =SUM(I60:I61) -> 0
A60: 51002 | B60: 对社会保险基金补助 | D60: =E60-C60 -> 0 | F60: =G60-E60 -> 0 | H60: =I60-G60 -> 0
A61: 51003 | B61: 补充全国社会保障基金 | C61: 0 | D61: =E61-C61 -> 0 | E61: 0 | F61: =G61-E61 -> 0 | G61: 0 | H61: =I61-G61 -> 0
A62: 511 | B62: 债务利息及费用支出 | C62: 6526 | D62: =E62-C62 -> 0 | E62: =SUM(E63:E66) -> 6526 | F62: =G62-E62 -> 0 | G62: =SUM(G63:G66) -> 6526 | H62: =I62-G62 -> -793 | I62: =SUM(I63:I66) -> 5733
A63: 51101 | B63: 国内债务付息 | C63: 6500 | D63: =E63-C63 -> 0 | E63: 6500 | F63: =G63-E63 -> 0 | G63: 6500 | H63: =I63-G63 -> -787 | I63: 5713
A64: 51102 | B64: 国外债务付息 | C64: 0 | D64: =E64-C64 -> 0 | E64: 0 | F64: =G64-E64 -> 0 | G64: 0 | H64: =I64-G64 -> 0 | I64: 0
A65: 51103 | B65: 国内债务发行费用支出 | C65: 26 | D65: =E65-C65 -> 0 | E65: 26 | F65: =G65-E65 -> 0 | G65: 26 | H65: =I65-G65 -> -6 | I65: 20
A66: 51104 | B66: 国外债务发行费用支出 | C66: 0 | D66: =E66-C66 -> 0 | E66: 0 | F66: =G66-E66 -> 0 | G66: 0 | H66: =I66-G66 -> 0
A67: 514 | B67: 预备费及预留 | C67: 8440 | D67: =E67-C67 -> 0 | E67: =SUM(E68:E69) -> 8440 | F67: =G67-E67 -> 0 | G67: =SUM(G68:G69) -> 8440 | H67: =I67-G67 -> -4040 | I67: =SUM(I68:I69) -> 4400
A68: 51401 | B68: 预备费 | C68: 4800 | D68: =E68-C68 -> 0 | E68: 4800 | F68: =G68-E68 -> 0 | G68: 4800 | H68: =I68-G68 -> -400 | I68: 4400
A69: 51402 | B69: 预留 | C69: 3640 | D69: =E69-C69 -> 0 | E69: 3640 | F69: =G69-E69 -> 0 | G69: 3640 | H69: =I69-G69 -> -3640 | I69: 0
A70: 599 | B70: 其他支出 | C70: 20 | D70: =E70-C70 -> 0 | E70: =SUM(E71:E74) -> 20 | F70: =G70-E70 -> 0 | G70: =SUM(G71:G74) -> 20 | H70: =I70-G70 -> 0 | I70: =SUM(I71:I74) -> 20
A71: 59906 | B71: 赠与 | C71: 0 | D71: =E71-C71 -> 0 | E71: 0 | F71: =G71-E71 -> 0 | G71: 0 | H71: =I71-G71 -> 0
A72: 59907 | B72: 国家赔偿费用支出 | C72: 0 | D72: =E72-C72 -> 0 | E72: 0 | F72: =G72-E72 -> 0 | G72: 0 | H72: =I72-G72 -> 0
A73: 59908 | B73: 对民间非营利组织和群众性自治组织补贴 | C73: 0 | D73: =E73-C73 -> 0 | E73: 0 | F73: =G73-E73 -> 0 | G73: 0 | H73: =I73-G73 -> 0
A74: 59999 | B74: 其他支出 | C74: 20 | D74: =E74-C74 -> 0 | E74: 20 | F74: =G74-E74 -> 0 | G74: 20 | H74: =I74-G74 -> 0 | I74: 20
A75: 二、上解上级支出 | C75: 38376 | D75: =E75-C75 -> 0 | E75: =E76+E77 -> 38376 | F75: =G75-E75 -> 0 | G75: =G76+G77 -> 38376 | H75: =I75-G75 -> 246 | I75: =I76+I77 -> 38622
A76: 2300601 | B76: 体制上解支出 | C76: 5005 | D76: =E76-C76 -> 0 | E76: ='本级一般预算支出-功能'!E1369 -> 5005 | F76: =G76-E76 -> 0 | G76: ='本级一般预算支出-功能'!G1369 -> 5005 | H76: =I76-G76 -> 0 | I76: ='本级一般预算支出-功能'!I1369 -> 5005
A77: 2300602 | B77: 专项上解支出 | C77: 33371 | D77: =E77-C77 -> 0 | E77: =E78+E79+E80 -> 33371 | F77: =G77-E77 -> 0 | G77: =G78+G79+G80 -> 33371 | H77: =I77-G77 -> 246 | I77: =I78+I79+I80 -> 33617
B78: 其中：出口退税上解 | C78: 5620 | D78: =E78-C78 -> 0 | E78: ='本级一般预算支出-功能'!E1371 -> 5620 | F78: =G78-E78 -> 0 | G78: ='本级一般预算支出-功能'!G1371 -> 5620 | H78: =I78-G78 -> 0 | I78: ='本级一般预算支出-功能'!I1371 -> 5620
B79: 上解江门统筹发展资金 | C79: 8429 | D79: =E79-C79 -> 0 | E79: ='本级一般预算支出-功能'!E1372 -> 8429 | F79: =G79-E79 -> 0 | G79: ='本级一般预算支出-功能'!G1372 -> 8429 | H79: =I79-G79 -> 0 | I79: ='本级一般预算支出-功能'!I1372 -> 8429
B80: 其他专项上解 | C80: 19322 | D80: =E80-C80 -> 0 | E80: ='本级一般预算支出-功能'!E1373 -> 19322 | F80: =G80-E80 -> 0 | G80: ='本级一般预算支出-功能'!G1373 -> 19322 | H80: =I80-G80 -> 246 | I80: ='本级一般预算支出-功能'!I1373 -> 19568
A81: 三、县对镇的补助支出 | C81: 37162 | D81: =E81-C81 -> 0 | E81: =E82+E83 -> 37162 | F81: =G81-E81 -> 0 | G81: =G82+G83 -> 37162 | H81: =I81-G81 -> -3083 | I81: =I82+I83 -> 34079
A82: 2300201 | B82: 体制补助支出 | C82: 1583 | D82: =E82-C82 -> 0 | E82: ='本级一般预算支出-功能'!E1375 -> 1583 | F82: =G82-E82 -> 0 | G82: ='本级一般预算支出-功能'!G1375 -> 1583 | H82: =I82-G82 -> 0 | I82: ='本级一般预算支出-功能'!I1375 -> 1583
A83: 2300299 | B83: 其他一般性转移支付支出 | C83: 35579 | D83: =E83-C83 -> 0 | E83: ='本级一般预算支出-功能'!E1376 -> 35579 | F83: =G83-E83 -> 0 | G83: ='本级一般预算支出-功能'!G1376 -> 35579 | H83: =I83-G83 -> -3083 | I83: ='本级一般预算支出-功能'!I1376 -> 32496
A84: 四、债务还本支出 | C84: 23325 | D84: =E84-C84 -> 0 | E84: =E85 -> 23325 | F84: =G84-E84 -> 0 | G84: =G85 -> 23325 | H84: =I84-G84 -> 0 | I84: =I85 -> 23325
A85: 23103 | B85: 地方政府一般债务还本支出 | C85: 23325 | D85: =E85-C85 -> 0 | E85: =E86 -> 23325 | F85: =G85-E85 -> 0 | G85: =G86 -> 23325 | H85: =I85-G85 -> 0 | I85: =I86 -> 23325
A86: 2310301 | B86: 地方政府一般债券还本支出 | C86: 23325 | D86: =E86-C86 -> 0 | E86: ='本级一般预算支出-功能'!E1379 -> 23325 | F86: =G86-E86 -> 0 | G86: ='本级一般预算支出-功能'!G1379 -> 23325 | H86: =I86-G86 -> 0 | I86: ='本级一般预算支出-功能'!I1379 -> 23325
A87: 五、年终结余 | C87: 0 | D87: =E87-C87 -> 0 | E87: =E88 -> 0 | F87: =G87-E87 -> 0 | G87: =G88 -> 0 | H87: =I87-G87 -> 14562 | I87: =I88 -> 14562
A88: 23009 | B88: 年终结余 | C88: 0 | D88: =E88-C88 -> 0 | E88: =E90-E7-E75-E81-E84-E89 -> 0 | F88: =G88-E88 -> 0 | G88: =G90-G7-G75-G81-G84-G89 -> 0 | H88: =I88-G88 -> 14562 | I88: =I90-I7-I75-I81-I84-I89 -> 14562
A89: 六、安排预算稳定调节基金 | C89: 0 | D89: =E89-C89 -> 0 | E89: 0 | F89: =G89-E89 -> 0 | G89: 0 | H89: =I89-G89 -> 0 | I89: 0
A90: 支出合计 | C90: 434764 | D90: =E90-C90 -> 0 | E90: ='本级一般预算支出-功能'!E1383 -> 434764 | F90: =G90-E90 -> 1633 | G90: ='本级一般预算支出-功能'!G1383 -> 436397 | H90: =I90-G90 -> -40187 | I90: ='本级一般预算支出-功能'!I1383 -> 396210
